 Dungeon Crawl Stone Soup version 0.30-a0-883-g5ad918d77d (webtiles) character file.

Game seed: 12322324238007775473

70 112233 the Firebug (level 4, 0/24 HPs)
             Began as a Deep Elf Fire Elementalist on Mar 17, 2023.
             Slain by a goblin
             ... wielding a +2 dagger of venom
             ... led by Robin
              (3 damage)
             ... on level 2 of the Dungeon.
             The game lasted 00:01:35 (2079 turns).

112233 the Firebug (Deep Elf Fire Elementalist)     Turns: 2079, Time: 00:01:36

Health: 0/24       AC:  2    Str:  5    XL:     4   Next: 4%
Magic:  3/12       EV: 13    Int: 22    God:
Gold:   119        SH:  0    Dex: 15    Spells: 10/11 levels left

rFire   . . .      SeeInvis .    (no weapon)
rCold   . . .      Faith    .    (no shield)
rNeg    . . .      Spirit   .    a - +0 robe
rPois   .          Reflect  .    (no helmet)
rElec   .          Rampage  .    (no cloak)
rCorr   .                        (no gloves)
Will    .....                    (no boots)
Stlth   ++                       (no amulet)
HPRegen 0.24/turn                (no ring)
MPRegen 0.13/turn                (no ring)

@: lethally poisoned (0 -> -15)
A: no striking features
a: no special abilities


You were on level 2 of the Dungeon.
You visited 1 branch of the dungeon, and saw 2 of its levels.

You collected 119 gold pieces.

Inventory:

Armour
 a - a +0 robe (worn)
Scrolls
 c - a scroll of brand weapon {unknown}
 e - a scroll of silence {unknown}
Potions
 b - a potion of magic
 d - a potion of curing {unknown}
 f - a potion of degeneration {unknown}
 g - a potion of cancellation {unknown}
 h - a potion of might {unknown}


   Skills:
 - Level 2.9 Dodging
 - Level 3.0 Stealth
 + Level 4.1 Spellcasting
 - Level 1.7 Conjurations
 + Level 4.1 Fire Magic


You had 10 spell levels left.
You knew the following spells:

 Your Spells              Type           Power      Damage    Failure   Level
a - Foxfire               Conj/Fire      68%        2x1d7     3%          1

Your spell library contained the following spells:

 Spells                   Type           Power      Damage    Failure   Level
 Scorch                   Fire           44%        2d7       3%          2
 Inner Flame              Hex/Fire       13%        N/A       14%         3
 Kindle Blastsparks       Fire/Tloc/Air  20%        2d11      19%         3
 Flame Wave               Conj/Fire      17%        2d7       32%         4


Dungeon Overview and Level Annotations

Branches:
Dungeon (2/15)

Altars:


Message History

Confirm with . or Enter, or press ? or * to list all spells.
You conjure some foxfire!
The goblin barely misses you.
The foxfire hits the goblin but does no damage. x2
The goblin barely misses you.
Unknown command.
Unknown command.
Casting: Foxfire (safe; 3% risk of failure)
Confirm with . or Enter, or press ? or * to list all spells.
You conjure some foxfire!
The goblin hits you with a +2 dagger of venom.
You are poisoned.
You feel very sick.
The foxfire hits the goblin but does no damage. x2
The goblin barely misses you.
Unknown command.
You feel sick.
The goblin hits you with a +2 dagger of venom.
You are lethally poisoned!
Things that are here:
a +0 dagger; a viscous brown potion; a goblin corpse
Casting: Foxfire (safe; 3% risk of failure)
Confirm with . or Enter, or press ? or * to list all spells.
You conjure some foxfire!
You feel very sick. The goblin closely misses you.
You feel very sick.
The foxfire hits the hobgoblin.
The hobgoblin is almost dead.
The foxfire hits the hobgoblin.
You kill the hobgoblin!
The goblin hits you with a +2 dagger of venom.
* * * LOW HITPOINT WARNING * * *
You are more poisoned.
Casting: Foxfire (safe; 3% risk of failure)
Confirm with . or Enter, or press ? or * to list all spells.
You conjure some foxfire!
* * * LOW HITPOINT WARNING * * *
You feel very sick.
The goblin hits you with a +2 dagger of venom.
You die...

.##)###...###....# #.#....#
.##)..###...#....### #.#...g#
.#..#...###........###g#....#
##........#####..g..g..g....#
#.............####<###.#....#
#........#.##...#### #.#....#
...........#..#...####......#
.#........##..†.....###.#
..........#.....@v†.g)..#
#........##.....gv.#.##.#
###...#..#...........#...#
###...##.#...[....##...#
###.#†..........#....#
#####........##....#
###...#..#.....#
###...##......


You could see 2 goblins.

Vanquished Creatures
  Robin (D:2)
  An adder (D:2)
  A worm (D:2)
  2 dart slugs (D:1)
  2 bats
  3 giant cockroaches
  13 goblins
  3 hobgoblins
  4 jackals (D:1)
  2 ball pythons (D:2)
  4 kobolds (D:1)
  3 rats
39 creatures vanquished.

Vanquished Creatures (collateral kills)
  8 foxfires (D:1)
8 creatures vanquished.

Vanquished Creatures (others)
  160 foxfires
  4 fungi (D:1)
  5 plants (D:1)
169 creatures vanquished.

Grand Total: 216 creatures vanquished

Notes
Turn   | Place    | Note
-------+----------+-------------------------------------------
     0 | D:1      | 112233 the Deep Elf Fire Elementalist began the quest for
                  | the Orb.
     0 | D:1      | Reached XP level 1. HP: 10/10 MP: 6/6
   368 | D:1      | Reached XP level 2. HP: 15/15 MP: 4/8
   439 | D:1      | Found a faded altar of an unknown god.
  1396 | D:2      | Reached XP level 3. HP: 19/19 MP: 6/9
  1664 | D:2      | Noticed Robin
  2071 | D:2      | Killed Robin
  2072 | D:2      | Reached XP level 4. HP: 22/24 MP: 6/12
  2079 | D:2      | Slain by a goblin

Illustrated notes

Levels and vault maps discovered:
D:1:      heliophobic_arrival_glass_houses, layout_loops_ring,
          dreamdust_ecumenical_altar_grove, serial_forest,
          infiniplex_forest_end_2, infiniplex_forest_lined_2,
          infiniplex_forest_diagonal, infiniplex_forest_corner_1,
          infiniplex_forest_clump_curved, infiniplex_forest_fountain,
          infiniplex_forest_straight_2, minmay_misc_feat_encased,
          grunt_decor_resistance
D:2:      minmay_skewed_foursquare, layout_rooms, basic_altar, uniq_robin

Skill      XL: |  1  2  3 |
---------------+----------+-----
Stealth        | 3 |  3.0
Spellcasting   | 4 |  4.1
Fire Magic     | 4 |  4.1
Dodging        | |  2.9
Conjurations   | |  1.7

Action                     |  1- 3 |  4- 6 || total
---------------------------+-------+-------++-------
   Cast: Foxfire           |    95 |     4 ||    99
 Armour: Robe              |     3 |       ||     3
  Dodge: Dodged            |    24 |     4 ||    28

Table legend: (Time is in decaauts)
 A = Elapsed time spent in this place.
 B = Non-inter-level travel time spent in this place.
 C = Inter-level travel time spent in this place.
 D = Time resting spent in this place.
 E = Time spent auto-exploring this place.
 F = Levels seen in this place.
 G = Mean time per level.
                   A        B        C        D        E       F      G
               +--------+--------+--------+--------+--------+-----+--------+
         Total |   2081 |   2040 |     41 |    235 |   1510 |   2 | 1040.5 |
       Dungeon |   2081 |   2040 |     41 |    235 |   1510 |   2 | 1040.5 |
               +--------+--------+--------+--------+--------+-----+--------+

Top non-repeatable levels by time:
     D:1: 1520 daAuts
     D:2: 561 daAuts
